 Dungeon Crawl Stone Soup version 0.29.1-1-gd02db6906a (webtiles) character file.

Game seed: 5687391314658096066

32 Zanven the Chopper (level 3, -3/33 HPs)
             Began as a Hill Orc Monk on Oct 2, 2022.
             Was the Champion of Ignis.
             Slain by a goblin
             ... wielding a +0 club
             ... led by Robin
              (6 damage)
             ... on level 2 of the Dungeon.
             The game lasted 00:14:14 (870 turns).

Zanven the Chopper (Hill Orc Monk)                   Turns: 870, Time: 00:14:15

Health: -3/33      AC:  5    Str: 13    XL:     3   Next: 27%
Magic:  3/3        EV: 15    Int: 10    God:    Ignis [******]
Gold:   40         SH:  0    Dex: 15    Spells: 2/2 levels left

rFire   + . .      SeeInvis .   k - +2 dagger (holy)
rCold   . . .      Faith    .   (no shield)
rNeg    . . .      Spirit   .   f - +0 ring mail
rPois   .          Reflect  .   (no helmet)
rElec   .          Harm     .   (no cloak)
rCorr   .          Rampage  .   (no gloves)
Will    .....                   (no boots)
Stlth   +.........              (no amulet)
HPRegen 0.11/turn               d - +4 ring of evasion
MPRegen 0.08/turn               (no ring)

@: no status effects
A: no striking features
a: Renounce Religion, Fiery Armour, Foxfire Swarm, Rising Flame


You were on level 2 of the Dungeon.
You worshipped Ignis.
Ignis was exalted by your worship.
You visited 1 branch of the dungeon, and saw 2 of its levels.

You collected 40 gold pieces.

Inventory:

Hand Weapons
 a - a +0 hand axe
 g - a +0 dagger
 h - a +0 whip
 k - a +2 dagger of holy wrath (weapon)
Missiles
 j - 6 stones (quivered)
Armour
 b - a +0 robe
 f - a +0 ring mail (worn)
Jewellery
 d - a +4 ring of evasion (left hand)
Scrolls
 e - a scroll of enchant armour {unknown}
Potions
 c - a potion of ambrosia
 i - a potion of mutation {unknown}


   Skills:
 + Level 3.8 Fighting
 + Level 4.7 Axes
 + Level 0.5 Armour
 + Level 2.8 Dodging
 + Level 1.7 Stealth


You had 2 spell levels left.
You didn't know any spells.
Your spell library contained the following spells:

 Spells                   Type           Power      Damage    Failure   Level
 Conjure Flame            Conj/Fire      0%         6-21      94%         3
 Ignite Poison            Fire/Tmut/Pois 0%         N/A       94%         3
 Sticky Flame             Conj/Fire      0%         2d3       100%        4


Dungeon Overview and Level Annotations

Branches:
Dungeon (2/15)

Altars:
Ignis

Annotations:
D:2 Robin


Message History

The goblin misses you. x2
You closely miss the hobgoblin.
The hobgoblin is severely wounded.
Robin says, "Kneel, worm!"
Robin throws the goblin at you! The goblin hits you with a +0 dagger.
A hobgoblin comes into view.
The goblin closely misses you. The hobgoblin completely misses you.
The goblin closely misses you.
You barely miss the hobgoblin.
The hobgoblin is severely wounded.
The goblin misses you. The goblin barely misses you.
The goblin closely misses you. The hobgoblin barely misses you.
The goblin barely misses you.
You closely miss the hobgoblin.
The hobgoblin is severely wounded.
The goblin hits you with a +0 dagger. The goblin hits you but does no damage.
The goblin hits you with a +0 club. The hobgoblin hits you.
The goblin closely misses you.
You barely miss the hobgoblin.
The hobgoblin is severely wounded.
The goblin misses you. The goblin barely misses you.
The goblin hits you but does no damage. The hobgoblin misses you.
The goblin misses you.
You hit the hobgoblin.
You kill the hobgoblin!
The goblin closely misses you. The goblin hits you with a +0 club.
The goblin hits you with a +0 dagger. Robin throws the goblin at you!
The goblin attacks as you move away! The goblin hits you with a +0 club.
* * * LOW HITPOINT WARNING * * *
Robin barely misses you. The goblin hits you but does no damage.
The endoplasm freezes you.
You are frozen.
* * * LOW HITPOINT WARNING * * *
The goblin hits you but does no damage.
You see here a +0 club.
You barely miss Robin. The goblin misses you.
The endoplasm hits you but does no damage.
The goblin closely misses you. The goblin completely misses you.
The goblin hits you with a +0 club.
You die...

.g. #'# ####.####
#.......#
#.##.##.#
#.#...#.#
#...g...##
######..gJg...#
..>.....g@g#..###
######>##gg......
#........###
#.##.###.#
#.##.###.#
#........#
####.##### #.#
#.#


You could see Robin, an endoplasm, a hobgoblin (strong) and 5 goblins.

Vanquished Creatures
  3 bats (D:1)
  2 endoplasms (D:2)
  3 giant cockroaches
  2 hobgoblins (D:2)
  5 jackals
  A kobold (D:1)
  A quokka (D:1)
  A ball python (D:1)
  A frilled lizard (D:1)
  5 goblins
  4 rats
28 creatures vanquished.

Notes
Turn   | Place    | Note
-------+----------+-------------------------------------------
     0 | D:1      | Zanven the Hill Orc Monk began the quest for the Orb.
     0 | D:1      | Reached XP level 1. HP: 19/19 MP: 1/1
   142 | D:1      | Reached XP level 2. HP: 26/27 MP: 2/2
   353 | D:1      | Found a faded altar of an unknown god.
   389 | D:1      | Prayed at the altar of an unknown god.
   389 | D:1      | Became a worshipper of Ignis, the Dying Flame
   389 | D:1      | Reached ****** piety under Ignis
   691 | D:2      | Reached XP level 3. HP: 17/33 MP: 3/3
   844 | D:2      | Noticed Robin
   870 | D:2      | Slain by a goblin

Illustrated notes

Levels and vault maps discovered:
D:1:      dpeg_arrival_round_b, layout_loops_corners,
          ebering_ecumenical_altar_box
D:2:      layout_loops_corners, uniq_robin

Action                   || total
-------------------------++-------
Melee: Hand axe          ||    55
       Dagger            ||    43
Throw: Stone             ||     2
Armor: Ring mail         ||    33
Dodge: Dodged            ||   140
